 Dungeon Crawl Stone Soup version 0.26-a0-537-g96b2eae49b (webtiles) character file.

Game seed: 9226471596221117537

71 Morbidden the Skirmisher (level 4, -2/40 HPs)
             Began as a Draconian Monk on Aug 14, 2020.
             Slain by Grinder (3 damage)
             ... on level 2 of the Dungeon.
             The game lasted 00:02:13 (2189 turns).

Morbidden the Skirmisher (Draconian Monk)           Turns: 2189, Time: 00:02:13

Health: -2/40      AC:  7    Str: 13 (14) XL:     4   Next: 5%
Magic:  4/4        EV: 12    Int: 10 (11) God:
Gold:   142        SH:  0    Dex: 10 (13) Spells: 3/3 levels left

rFire    . . .     SeeInvis .     - Unarmed
rCold    . . .     Faith    .   (no shield)
rNeg     . . .     Spirit   .   (armour unavailable)
rPois    .         Reflect  .   (helmet restricted)
rElec    .         Harm     .   b - +1 cloak
rCorr    .                      (no gloves)
MR       .....                  (no boots)
Stlth    ++........             (no amulet)
HPRegen  0.13/turn              (no ring)
MPRegen  0.09/turn              (no ring)

@: brilliant
A: unfitting armour, cold-blooded, AC +5
a: no special abilities


You were on level 2 of the Dungeon.
You visited 1 branch of the dungeon, and saw 3 of its levels.

You collected 142 gold pieces.

Inventory:

Armour
 b - a +1 cloak (worn)
Scrolls
 a - 3 scrolls of teleportation {unknown}
 d - a scroll of random uselessness {unknown}
 e - 2 scrolls of amnesia {unknown}
 g - a scroll of identify {unknown}
 h - a scroll of fear {unknown}
 i - a scroll of blinking {unknown}
 j - a scroll of remove curse {unknown}
 k - a scroll of fog {unknown}
Potions
 c - a potion of flight


   Skills:
 * Level 4.0 Fighting
 + Level 3.0 Dodging
 + Level 2.1 Stealth
 * Level 4.0 Unarmed Combat


You had 3 spell levels left.
You didn't know any spells.
Your spell library was empty.

Dungeon Overview and Level Annotations

Branches:
Dungeon (3/15)

Altars:

Annotations:
D:2 Grinder


Innate Abilities, Weirdness & Mutations

Your plain brown scales are hard. (AC +5)
You cannot fit into any form of body armour.
You are cold-blooded and may be slowed by cold attacks.


Message History

You resist with significant effort.
You stop training Evocations.
Unknown command.
Unknown command.
Unknown command.
Okay, then.
You hit Grinder.
Grinder is severely wounded.
You hit Grinder.
Grinder is severely wounded.
Grinder hits you.
* * * LOW HITPOINT WARNING * * *
You writhe in agony.
* * * LOW HITPOINT WARNING * * *
You hit Grinder.
Grinder is almost dead.
Grinder closely misses you.
You hit Grinder.
Grinder is almost dead.
Grinder hits you.
You die...

#.# #.# #.#####.#
#.#.....###########
#.#.#####.........# ##### #.#.#
#.........# #....
#.#.#####.........#########....
#.#.......................+....
##.#######.............#####....
#..............@.......'........
############..5........#########
#....................
#....................
#....................
#....................
#....................
#....................
#....................


You could see Grinder.

Vanquished Creatures
  A worker ant (D:2)
  An adder (D:2)
  A worm (D:2)
  A dart slug (D:2)
  2 leopard geckos (D:1)
  A giant cockroach (D:2)
  4 hobgoblins
  A quokka (D:2)
  7 bats
  6 goblins
  4 kobolds (D:2)
  4 rats
33 creatures vanquished.

Notes
Turn   | Place    | Note
-------+----------+-------------------------------------------
     0 | D:1      | Morbidden the Draconian Monk began the quest for the Orb.
     0 | D:1      | Reached XP level 1. HP: 19/19 MP: 1/1
   535 | D:2      | Reached XP level 2. HP: 20/26 MP: 2/2
  1336 | D:2      | Reached XP level 3. HP: 18/33 MP: 3/3
  2036 | D:3      | Reached XP level 4. HP: 30/40 MP: 4/4
  2121 | D:3      | Found a faded altar of an unknown god.
  2157 | D:3      | Noticed Grinder
  2179 | D:2      | Paralysed by Grinder for 3 turns
  2187 | D:2      | HP: 1/40 [Grinder (6)]
  2189 | D:2      | Slain by Grinder

Illustrated notes

Levels and vault maps discovered:
D:1:      lemuel_arrival_muddy, layout_rooms, hex_intersection
D:2:      layout_basic
D:3:      layout_basic, eat_drink_and_be_merry_uskayaw,
          chequers_ecumenical_altar_twisty, minmay_puff, uniq_grinder

Skill      XL: |  1  2  3 |
---------------+----------+-----
Dodging        | 3 |  3.0
Stealth        | 2 |  2.1
Fighting       | 4 |  4.0
Unarmed Combat | 4 |  4.0

Action                   |  1- 3 |  4- 6 || total
-------------------------+-------+-------++-------
Melee: Unarmed           |    94 |    22 ||   116
       Tailslap          |    12 |     3 ||    15
       Punch             |       |     1 ||     1
Evoke: Wand              |       |     2 ||     2
  Use: Potion            |     4 |     1 ||     5
 Stab: Sleeping          |     5 |       ||     5
Armor: Skin              |    20 |     8 ||    28
Dodge: Dodged            |    41 |    11 ||    52

Table legend: (Time is in decaauts)
 A = Elapsed time spent in this place.
 B = Non-inter-level travel time spent in this place.
 C = Inter-level travel time spent in this place.
 D = Time resting spent in this place.
 E = Time spent auto-exploring this place.
 F = Levels seen in this place.
 G = Mean time per level.
                   A        B        C        D        E       F      G
               +--------+--------+--------+--------+--------+-----+--------+
         Total |   2184 |   2073 |    111 |    240 |   1490 |   3 |  728.0 |
       Dungeon |   2184 |   2073 |    111 |    240 |   1490 |   3 |  728.0 |
               +--------+--------+--------+--------+--------+-----+--------+

Top non-repeatable levels by time:
     D:2: 1415 daAuts
     D:1: 626 daAuts
     D:3: 142 daAuts
